 Dungeon Crawl Stone Soup version 0.18-a0-125-g4c9da24 (webtiles) character file.

406546 ReteAZ the Pulveriser (level 23, -6/156 HPs)
             Began as a Gargoyle Gladiator on Nov 20, 2015.
             Was the Champion of Okawaru.
             Mangled by an acid blob (20 damage)
             ... on level 5 of the Pits of Slime on Nov 21, 2015.
             The game lasted 03:14:05 (50341 turns).

ReteAZ the Pulveriser (Gargoyle Gladiator)         Turns: 50341, Time: 03:14:05

Health: -6/156     AC: 20    Str: 23    XL:     23   Next: 41%
Magic:  6/31       EV: 18    Int: 17    God:    Okawaru [******]
Gold:   5464       SH:  0    Dex: 15    Spells: 1 memorised, 20 levels left

rFire  + + .     SeeInvis .     a - +8 lajatang (vamp)
rCold  . . .     Clarity  +     N - +5 plate armour {rF+}
rNeg   + + .     SustAt   .     (shield currently unavailable)
rPois  ∞         Gourm    .     d - +2 hat {MR+}
rElec  +         Spirit   .     w - +1 cloak {MR+}
rCorr  +         Warding  .     V - +2 pair of gloves {Str+3}
rMut   .         Stasis   .     W - +2 pair of boots of the Assassin {DetectMon Stab+ Stlth++}
MR     ++++.                    m - amulet of resist corrosion
Stlth  ..........               q - ring "Boovvosab" {rN+ MR+ EV+5 Stlth+}
                                M - ring "Xeesmeaz" {rElec rF+ Int+4 Stlth-}

@: corroded equipment, flying, incredibly resistant to hostile enchantments,
extremely unstealthy
A: big wings, blurry vision 2, breathe flames 1, clarity, deformed body,
negative energy resistance 1, electricity resistance, unbreathing, petrification
resistance, rot immunity, MP-powered wands, AC +17
a: Stop Flying, Heroism, Finesse, Renounce Religion, Breathe Fire
}: 2/15 runes: barnacled, gossamer


You were on level 5 of the Pits of Slime.
You worshipped Okawaru.
Okawaru was exalted by your worship.
You were not hungry.

You visited 9 branches of the dungeon, and saw 48 of its levels.
You also visited: Labyrinth, Ice Cave, Volcano and Wizlab.

You collected 6529 gold pieces.
You spent 1065 gold pieces at shops.

Inventory:

Hand Weapons
 a - a +8 vampiric lajatang (weapon)
 b - the +1 lajatang of Frustration {speed, rElec rPois Dex+2 Stlth+}
   (You found it in an ice cave)

   Attacks with this weapon are significantly faster.
   It affects your dexterity (+2).
   It insulates you from electricity.
   It protects you from poison.
   It makes you more stealthy.
 R - a +4 quarterstaff of speed
Missiles
 T - 12 poisoned javelins (quivered)
Armour
 d - a +2 hat of magic resistance (worn)
 j - the +0 helmet of Qodoser {Regen+ Str+4 Dex+3}
   (You found it on level 3 of the Elven Halls)

   It affects your strength (+4).
   It affects your dexterity (+3).
   It increases your rate of regeneration.
 w - a +1 cloak of magic resistance (worn)
 N - a +5 plate armour of fire resistance (worn)
 S - a +1 plate armour of cold resistance
 V - a +2 pair of gloves of strength (worn)
 W - the +2 pair of boots of the Assassin (worn) {DetectMon Stab+ Stlth++}
   (You acquired it on level 6 of the Lair of Beasts)

   It makes you much more stealthy.
Jewellery
 c - an uncursed ring of protection from cold
 m - an amulet of resist corrosion (around neck)
 q - the ring "Boovvosab" (right hand) {rN+ MR+ EV+5 Stlth+}
   (You found it on level 1 of the Depths)

   [ring of evasion]

   It affects your evasion (+5).
   It protects you from negative energy.
   It affects your resistance to hostile enchantments.
   It makes you more stealthy.
 r - an uncursed ring of see invisible
 u - an uncursed amulet of resist mutation
 y - an uncursed amulet of guardian spirit
 A - an uncursed amulet of rage
 H - a +3 ring of protection
 J - the ring "Gaesuw" {Fire Str+4 Int+4}
   (You found it on level 3 of the Elven Halls)

   [ring of fire]

   It enhances your fire magic, and weakens your ice magic.
   It affects your strength (+4).
   It affects your intelligence (+4).
   It protects you from fire.
   It makes you vulnerable to cold.
 M - the ring "Xeesmeaz" (left hand) {rElec rF+ Int+4 Stlth-}
   (You found it on level 3 of the Elven Halls)

   [ring of loudness]

   It affects your intelligence (+4).
   It protects you from fire.
   It insulates you from electricity.
   It makes you less stealthy.
 U - a +5 ring of dexterity
 Z - a +5 ring of dexterity
Wands
 i - a wand of fireball (4)
 o - a wand of teleportation (4)
 x - a wand of digging (2)
 E - a wand of heal wounds (0)
 P - a wand of invisibility (6)
 Q - a wand of heal wounds (0)
 Y - a wand of fire (8)
Scrolls
 g - 12 scrolls of fear
 k - 22 scrolls of teleportation
 l - 6 scrolls of identify
 n - 17 scrolls of remove curse
 t - 4 scrolls of summoning
 B - 5 scrolls of recharging
 G - 5 scrolls of blinking
Potions
 f - 2 potions of magic
 h - 13 potions of curing
 s - 8 potions of resistance
 v - 5 potions of might
 z - 4 potions of heal wounds
 C - 5 potions of berserk rage
 D - 5 potions of haste
 F - 2 potions of cure mutation
 I - 7 potions of agility
 X - 2 potions of invisibility
Comestibles
 e - 18 bread rations {@e1}
 L - a meat ration {@e2}


   Skills:
 - Level 20.1 Fighting
 + Level 22.0 Staves
 - Level 1.7 Throwing
 - Level 19.0 Armour
 - Level 10.0 Dodging
 - Level 10.5 Invocations
 - Level 11.7 Evocations


You had 20 spell levels left.
You knew the following spells:

 Your Spells              Type           Power        Failure   Level  Hunger
a - Repel Missiles        Chrm/Air       #.....       99%         2    ###....


Dungeon Overview and Level Annotations

Branches:
Dungeon (15/15)            Temple (1/1) D:5            Lair (8/8) D:9
 Shoals (4/4) Lair:5       Spider (4/4) Lair:6        Slime (6/6) Lair:7
    Orc (4/4) D:12            Elf (3/3) Orc:4        Vaults (0/5) D:14
 Depths (3/5) D:15

Altars:
Ashenzari
Cheibriados
Dithmenos
Elyvilon
Fedhas
Gozag
Kikubaaqudgha
Makhleb
Nemelex Xobeh
Okawaru
Qazlal
Ru
Sif Muna
Trog
Vehumet
Xom
Yredelemnul
Zin
The Shining One
Beogh
Jiyva

Shops:
D:9 :[   D:13 ?   D:14 ?   Orc:4 [(?!   Elf:3 :

Portals:
Hell: Depths:1 Depths:2 Depths:3
Abyss: Depths:1 Depths:2
Pandemonium: Depths:2 Depths:3
Ziggurat: Depths:3
Trove: D:13 (give horn of Geryon)

Annotations:
Lair:8 exclusion: oklob plant
Depths:1 exclusion: obsidian statue


Innate Abilities, Weirdness & Mutations

You are resistant to torment.
Your stone body is resilient (AC +17).
You are immune to poison.
Your large and strong wings let you fly indefinitely.
You resist negative energy.
You are resistant to electric shocks.
You can survive without breathing.
You are immune to petrification.
You are immune to rotting.
Scrolls take you longer to read.
You can breathe flames.
You possess an exceptional clarity of mind.
Armour fits poorly on your strangely shaped body.
You expend magic power (3 MP) to strengthen your wands.


Message History

The acid blob closely misses you.
You hit the acid blob.
You feel better.
Your hands burn!
* * * LOW HITPOINT WARNING * * *
The acid blob is heavily wounded.
The slime creature hits you.
* * * LOW HITPOINT WARNING * * *
The slime creature hits you but does no damage.
You slash the acid blob!
You feel better.
Your hands burn!
* * * LOW HITPOINT WARNING * * *
The acid blob is severely wounded.
The acid blob hits you.
* * * LOW HITPOINT WARNING * * *
You are splashed with acid!
The acid corrodes you!
The acid burns!
You resist.
* * * LOW HITPOINT WARNING * * *
The slime creature hits you.
* * * LOW HITPOINT WARNING * * *
Your plate armour prevents you from hitting the acid blob.
The acid blob is severely wounded.
The acid blob hits you!!
You die...

### ####.###### ###
..##.......#.##..##
.......>J.........#
........J@....<...#
........JJ.........
......##..........
.....##.......#.##
.....#.........##
......#....<...##
.....#..........#
........)...##
...(......###


You could see an acid blob and 3 slime creatures.

Vanquished Creatures
  A juggernaut (Depths:1)
  Boris (Depths:3)
  Saint Roka (Depths:1)
  A caustic shrike (Depths:1)
  Nikola (Depths:1)
  3 liches
  An Ice Fiend (IceCv)
  A quicksilver dragon (Depths:1)
  Asterion (Elf:1)
  4 deep elf master archers (Elf:3)
  6 acid blobs
  A kraken (Shoals:4)
  4 deep elf blademasters
  Frances (Spider:1)
  Kirke (Spider:1)
  2 thorn hunters (Depths:2)
  6 frost giants
  5 deep elf sorcerers
  Wiglaf (Depths:1)
  4 ghost moths (Spider:4)
  2 fire giants (Depths:3)
  3 azure jellies
  Maud (Orc:3)
  A balrug (Depths:2)
  An orc warlord (Orc:4)
  4 emperor scorpions (Spider:4)
  The ghost of ReteAZ the Imperceptible, an adept SpEn of Okawaru (Spider:4)
  8 very ugly things
  3 stone giants
  5 deep elf demonologists
  7 deep elf annihilators
  4 ettins
  Snorg (D:11)
  4 merfolk javelineers
  5 deep elf death magi (Elf:3)
  10 merfolk impalers
  10 fire dragons
  Josephine (Orc:2)
  5 jiangshi (Depths:1)
  A minotaur (Lab)
  6 great orbs of eyes
  2 yaktaur captains
  3 rakshasas (Depths:1)
  6 ice dragons
  A deep elf high priest (Elf:1)
  A catoblepas (Lair:8)
  5 entropy weavers
  The ghost of Vergil the Thaumaturge, a journeyman DrAE of Vehumet (Lair:1)
  A hell beast (Depths:2)
  3 spriggan air magi
  A merfolk aquamancer (Shoals:4)
  3 centaur warriors
  7 hydras
  2 merfolk avatars
  11 dancing weapons (Elf:2)
  A queen ant (D:8)
  2 vampire magi (Depths:1)
  8 death yaks
  The ghost of Proton the Fighter, a journeyman GrFi of Cheibriados (D:11)
  2 orc high priests (Orc:4)
  8 tengu warriors
  3 satyrs (Shoals:4)
  5 ogre magi
  8 deep troll earth magi
  9 deep troll shamans
  2 spriggan berserkers
  Urug (Lair:4)
  A soul eater (Depths:1)
  3 sun demons (Depths:1)
  Sonja (D:14)
  An iron golem (WizLab)
  A fire crab (shapeshifter) (WizLab)
  6 large abominations
  11 deep elf knights
  A spriggan (Depths:3)
  5 iron trolls
  4 unseen horrors
  10 sea snakes
  A flayed ghost (Depths:2)
  10 deep elf summoners
  7 ice devils (IceCv)
  2 golden dragon zombies (Depths:3)
  A lindwurm (Lair:8)
  19 deep trolls
  6 hill giants
  An orc knight (Orc:2)
  A harpy (shapeshifter) (Depths:3)
  9 deep elf conjurers
  2 necromancers
  14 orb spiders
  3 giant orange brains (Depths:1)
  2 wizards
  A salamander (Depths:3)
  An unseen horror (shapeshifter) (WizLab)
  3 orc sorcerers
  An orb spider (shapeshifter) (WizLab)
  11 harpies
  2 moths of wrath
  23 fauns
  5 water nymphs
  9 griffons
  3 shining eyes
  29 ugly things
  A fire giant skeleton (Depths:1)
  16 wolf spiders
  2 sphinx skeletons (Volcano)
  A cyclops (shapeshifter) (WizLab)
  A guardian serpent (shapeshifter) (WizLab)
  6 elephants
  A hornet (shapeshifter) (WizLab)
  4 sirens
  4 black mambas
  A manticore (shapeshifter) (WizLab)
  8 manticores
  A sixfirhy (Depths:2)
  Joseph (D:7)
  3 molten gargoyles (Depths:2)
  2 black mambas (shapeshifter) (WizLab)
  4 cyclopes
  3 ice statues (IceCv)
  2 eyes of devastation
  7 hornets
  4 gargoyles
  19 spiny frogs
  5 kobold demonologists
  8 demonic crawlers
  2 komodo dragons (shapeshifter) (WizLab)
  9 yaktaurs
  2 elves (WizLab)
  A yaktaur (shapeshifter) (WizLab)
  7 blue devils
  2 fire drakes
  An anaconda simulacrum (IceCv)
  5 komodo dragons
  2 red devils
  4 tengu conjurers
  5 trolls
  A freezing wraith (D:15)
  2 golden dragon simulacra (IceCv)
  A guardian mummy (Volcano)
  A queen bee (shapeshifter) (Depths:3)
  A troll (shapeshifter) (WizLab)
  8 deep elf priests
  A fire drake (shapeshifter) (WizLab)
  2 entropy weaver zombies (Depths:1)
  2 polar bears
  2 raiju (shapeshifter) (WizLab)
  19 blink frogs
  A jumping spider (shapeshifter) (WizLab)
  17 jumping spiders
  7 wind drakes
  A two-headed ogre (shapeshifter) (WizLab)
  10 two-headed ogres
  2 blink frogs (shapeshifter) (WizLab)
  A centaur simulacrum (D:15)
  A stone giant simulacrum (Depths:3)
  36 merfolk
  A trapdoor spider zombie (D:13)
  A minotaur skeleton (Volcano)
  77 slime creatures
  A spriggan zombie (Depths:1)
  8 snapping turtles
  2 boulder beetles
  2 flying skulls (Volcano)
  15 tarantellas
  21 redbacks
  4 wraiths (Orc:2)
  2 vampire mosquitoes (D:14)
  30 deep elf magi
  44 yaks
  6 air elementals (Depths:2)
  2 steam dragons
  3 fire elementals (Depths:2)
  4 hungry ghosts
  A basilisk (Lair:6)
  A neqoxec (Depths:2)
  9 trapdoor spiders
  4 wyverns
  11 hippogriffs
  2 hogs (shapeshifter) (WizLab)
  3 hogs (Spider:1)
  26 deep elf fighters
  A basilisk (shapeshifter) (Elf:1)
  11 water elementals
  A chaos spawn (Depths:2)
  A spriggan simulacrum (Depths:1)
  A hippogriff (shapeshifter) (WizLab)
  2 dire elephant simulacra (IceCv)
  A hill giant skeleton (Volcano)
  13 soldier ants (D:8)
  4 humans (WizLab)
  10 wolves
  5 mottled dragons
  3 hydra simulacra (IceCv)
  19 water moccasins
  A warg (shapeshifter) (WizLab)
  17 porcupines
  Duvessa (D:6)
  28 orc warriors
  6 phantoms
  A sky beast (shapeshifter) (WizLab)
  3 black bears
  2 iron troll simulacra (IceCv)
  4 sky beasts
  2 swamp drakes
  A boggart (shapeshifter) (Depths:1)
  3 necrophages
  A tengu (shapeshifter) (WizLab)
  6 wasps
  30 ogres
  16 spiders
  4 eyes of draining
  A manticore skeleton (Volcano)
  12 ice beasts
  12 centaurs
  5 big kobolds
  17 crocodiles
  23 giant frogs
  Dowan (D:6)
  3 earth elementals
  A wyvern skeleton (D:4)
  2 scorpions
  A water moccasin skeleton (D:7)
  13 killer bees
  3 wights (D:5)
  A spriggan skeleton (Volcano)
  4 hounds
  4 electric eels
  9 small abominations (WizLab)
  14 crimson imps
  38 orc priests
  A quasit (D:12)
  30 orc wizards
  8 centaur skeletons
  3 centaur zombies (D:11)
  12 jellies
  2 giant frog skeletons
  An iron imp (Depths:1)
  Terence (D:2)
  11 iguanas
  A two-headed ogre skeleton (Volcano)
  41 worker ants
  2 killer bee zombies
  31 sheep
  An ogre skeleton (Volcano)
  4 hound skeletons
  5 mummies (Volcano)
  A worker ant zombie (D:8)
  13 adders
  84 river rats
  2 gnolls (D:3)
  A white imp (Depths:1)
  4 giant eyeballs (WizLab)
  4 shadow imps
  An adder skeleton (D:10)
  2 adder zombies
  3 worms
  190 orcs
  6 bats
  6 giant cockroaches
  6 hobgoblins
  10 jackals
  25 kobolds
  7 quokkas
  2 ball pythons (D:2)
  6 giant geckos
  7 giant newts
  6 goblins
  9 rats
  A spectral orc (D:3)
  A crawling corpse (Elf:3)
  2 fire vortices (Depths:2)
  3 fungi
  3 plants
  3 tentacles (Shoals:4)
  2 tentacle segments (Shoals:4)
1902 creatures vanquished.

Vanquished Creatures (collateral kills)
  A tentacled monstrosity (WizLab)
  2 large abominations (WizLab)
3 creatures vanquished.

Vanquished Creatures (others)
  A deep elf knight (Elf:2)
  A deep elf priest (Elf:1)
  A human (Spider:1)
  A deep elf fighter (Elf:2)
  A giant frog (Lair:2)
  A crimson imp (Depths:1)
  A river rat (Lair:3)
  A crawling corpse (Elf:3)
  A fire vortex (Depths:2)
  11 fungi
  27 plants
  12 tentacles (Shoals:4)
  1618 tentacle segments (Shoals:4)
1677 creatures vanquished.

Grand Total: 3582 creatures vanquished

Notes
Turn   | Place    | Note
--------------------------------------------------------------
     0 | D:1      | ReteAZ the Gargoyle Gladiator began the quest for the Orb.
     0 | D:1      | Reached XP level 1. HP: 12/12 MP: 1/1
   274 | D:1      | Reached XP level 2. HP: 17/17 MP: 2/2
   453 | D:1      | Reached skill level 4 in Staves
   518 | D:1      | Reached XP level 3. HP: 21/21 MP: 3/3
   580 | D:2      | Noticed Terence
   597 | D:2      | Killed Terence
   983 | D:2      | Found a shimmering altar of Xom.
   989 | D:2      | Reached XP level 4. HP: 21/26 MP: 4/4
  1034 | D:2      | Found a shimmering altar of Xom.
  1035 | D:2      | Found a shimmering altar of Xom.
  1035 | D:2      | Found a shimmering altar of Xom.
  1036 | D:2      | Found a shimmering altar of Xom.
  1090 | D:2      | Found a shimmering altar of Xom.
  1182 | D:2      | Reached skill level 5 in Staves
  1310 | D:2      | Found a shimmering altar of Xom.
  1310 | D:2      | Found a shimmering altar of Xom.
  1538 | D:3      | Found a burning altar of Makhleb.
  1820 | D:3      | Reached XP level 5. HP: 30/30 MP: 5/5
  1867 | D:3      | Found a shattered altar of Ashenzari.
  1968 | D:3      | Found a basalt altar of Yredelemnul.
  2239 | D:3      | Found a deep blue altar of Sif Muna.
  2349 | D:4      | Noticed an ogre
  2360 | D:4      | Killed an ogre
  2360 | D:4      | Reached skill level 6 in Staves
  2360 | D:4      | Reached XP level 6. HP: 35/35 MP: 6/6
  2880 | D:4      | Found a white marble altar of Elyvilon.
  2986 | D:4      | Reached skill level 7 in Staves
  2986 | D:4      | Reached skill level 1 in Armour
  3303 | D:4      | Reached XP level 7. HP: 40/40 MP: 7/7
  3495 | D:5      | Entered Level 5 of the Dungeon
  3771 | D:5      | Found a blossoming altar of Fedhas.
  3858 | D:5      | Found a stormy altar of Qazlal.
  3964 | D:5      | Found a sparkling altar of Nemelex Xobeh.
  3975 | D:5      | Found a radiant altar of Vehumet.
  4085 | D:5      | Reached skill level 8 in Staves
  4135 | D:5      | Reached XP level 8. HP: 20/48 MP: 4/8
  4277 | D:5      | Found a staircase to the Ecumenical Temple.
  4286 | Temple   | Entered the Ecumenical Temple
  4380 | Temple   | Became a worshipper of Warmaster Okawaru
  4466 | D:5      | Found a radiant altar of Vehumet.
  4662 | D:6      | Noticed Dowan
  4663 | D:6      | Noticed Duvessa
  4684 | D:6      | Killed Duvessa
  4697 | D:6      | Killed Dowan
  4697 | D:6      | Reached skill level 9 in Staves
  5022 | D:6      | Found a shadowy altar of Dithmenos.
  5074 | D:6      | Reached skill level 5 in Fighting
  5132 | D:6      | Reached * piety under Okawaru
  5383 | D:7      | Reached XP level 9. HP: 46/54 MP: 9/9
  5449 | D:7      | Reached skill level 5 in Armour
  5589 | D:7      | Reached ** piety under Okawaru
  5740 | D:7      | Noticed Joseph
  5764 | D:7      | Killed Joseph
  5764 | D:7      | Reached skill level 10 in Staves
  6782 | D:8      | Reached *** piety under Okawaru
  6885 | D:8      | Found a snail-covered altar of Cheibriados.
  6966 | D:8      | Reached skill level 11 in Staves
  6966 | D:8      | Reached skill level 1 in Invocations
  6966 | D:8      | Reached XP level 10. HP: 49/63 MP: 7/10
  7007 | D:8      | Noticed a queen ant
  7072 | D:8      | Killed a queen ant
  7072 | D:8      | Reached **** piety under Okawaru
  7605 | D:8      | Reached ***** piety under Okawaru
  7638 | D:8      | Reached skill level 5 in Invocations
  8092 | D:9      | Reached XP level 11. HP: 67/67 MP: 13/15
  8213 | D:9      | Reached skill level 12 in Staves
  8221 | D:9      | Received a gift from Okawaru
  8290 | D:9      | Found Pehen's Armour Boutique.
  8362 | D:9      | Found a staircase to the Lair.
  8462 | D:9      | Found Lusul's Book Boutique.
  8837 | D:9      | Found a glowing golden altar of the Shining One.
  8915 | D:10     | Entered Level 10 of the Dungeon
  9213 | D:10     | Noticed a hill giant
  9234 | D:10     | Killed a hill giant
  9471 | D:10     | Reached skill level 10 in Armour
  9525 | D:10     | Noticed a hill giant
  9568 | D:10     | Killed a hill giant
  9568 | D:10     | Received a gift from Okawaru
  9978 | Lair:1   | Entered Level 1 of the Lair of Beasts
 10067 | Lair:1   | Noticed a four-headed hydra
 10081 | Lair:1   | Killed a four-headed hydra
 10104 | Lair:1   | Found a dark tunnel.
 10109 | Volcano  | Entered a volcano
 10170 | Volcano  | Reached skill level 13 in Staves
 10309 | Volcano  | Reached XP level 12. HP: 45/72 MP: 10/18
 10882 | Lair:1   | Noticed Vergil's ghost (journeyman DrAE)
 10922 | Lair:1   | Killed Vergil's ghost
 11811 | Lair:2   | Received a gift from Okawaru
 11811 | Lair:2   | Reached skill level 10 in Invocations
 11969 | Lair:2   | Gained mutation: You possess an exceptional clarity of mind. [potion of beneficial mutation]
 12030 | Lair:2   | Reached skill level 14 in Staves
 13653 | Lair:3   | Reached XP level 13. HP: 71/78 MP: 20/20
 14563 | Lair:4   | Noticed Urug
 14585 | Lair:4   | Killed Urug
 15037 | Lair:5   | Found a staircase to the Shoals.
 15420 | Lair:5   | Reached skill level 5 in Dodging
 15497 | Lair:5   | Received a gift from Okawaru
 16123 | Lair:6   | Reached skill level 10 in Fighting
 16647 | Lair:6   | Identified a scroll of acquirement
 16716 | Lair:6   | Found a hole to the Spider Nest.
 16731 | Lair:6   | Reached ****** piety under Okawaru
 16731 | Lair:6   | Received a gift from Okawaru
 17054 | Lair:7   | Found a viscous altar of Jiyva.
 17054 | Lair:7   | Found a staircase to the Slime Pits.
 17379 | Lair:7   | Gained mutation: Your large and strong wings let you fly indefinitely. [Gargoyle growth]
 17379 | Lair:7   | Reached XP level 14. HP: 54/88 MP: 11/21
 18738 | Lair:8   | Entered Level 8 of the Lair of Beasts
 19562 | Lair:8   | Received a gift from Okawaru
 20755 | D:11     | Noticed Proton's ghost (journeyman GrFi)
 20834 | D:11     | Killed Proton's ghost
 20961 | D:11     | Noticed Snorg
 20985 | D:11     | Received a gift from Okawaru
 21017 | D:11     | Killed Snorg
 21764 | D:12     | Reached XP level 15. HP: 60/97 MP: 15/22
 21792 | D:12     | Found a staircase to the Orcish Mines.
 22770 | Orc:1    | Entered Level 1 of the Orcish Mines
 22999 | Orc:1    | Found a burning altar of Makhleb.
 23422 | Orc:2    | Noticed Josephine
 23429 | Orc:2    | Killed Josephine
 23787 | Orc:3    | Received a gift from Okawaru
 24633 | Orc:4    | Entered Level 4 of the Orcish Mines
 24633 | Orc:4    | Noticed Maud
 24656 | Orc:3    | Killed Maud
 24675 | Orc:4    | Paralysed by an orc sorcerer for 4 turns
 24700 | Orc:4    | Upgraded the game from 0.18-a0-123-g3323726 to 0.18-a0-125-g4c9da24
 24925 | Orc:4    | Found a staircase to the Elven Halls.
 25319 | Orc:4    | Found Banosel's Antique Armour Shop.
 25319 | Orc:4    | Found a roughly hewn altar of Beogh.
 25324 | Orc:4    | Found Itisop's Antique Weapon Boutique.
 25485 | Orc:4    | Found a roughly hewn altar of Beogh.
 25500 | Orc:4    | Found Xeisouth's Distillery.
 25548 | Orc:4    | Found a roughly hewn altar of Beogh.
 25578 | Orc:4    | Found a roughly hewn altar of Beogh.
 25669 | Orc:4    | Found a roughly hewn altar of Beogh.
 25728 | Orc:4    | Found a roughly hewn altar of Beogh.
 25745 | Orc:4    | Found Jazakhos's Magic Scroll Shoppe.
 25751 | Orc:4    | Bought a scroll of identify for 24 gold pieces
 25751 | Orc:4    | Bought a scroll of enchant weapon for 90 gold pieces
 25751 | Orc:4    | Bought a scroll of enchant armour for 90 gold pieces
 25751 | Orc:4    | Bought a scroll of blinking for 90 gold pieces
 25780 | Orc:4    | Found a roughly hewn altar of Beogh.
 26015 | D:13     | Found Houfish's Magic Scroll Shoppe.
 26027 | D:13     | Bought a scroll of enchant armour for 135 gold pieces
 26029 | D:13     | Bought a scroll of identify for 36 gold pieces
 26029 | D:13     | Bought a scroll of identify for 36 gold pieces
 26616 | D:13     | Found a portal to a secret trove of treasure.
 26811 | D:14     | Found a labyrinth entrance.
 26820 | Lab      | Entered a labyrinth
 27323 | Lab      | Got a fine robe
 27561 | D:14     | Found Rahicuclogg's Magic Scroll Emporium.
 27566 | D:14     | Bought a scroll of recharging for 114 gold pieces
 27566 | D:14     | Bought a scroll of identify for 24 gold pieces
 27566 | D:14     | Bought a scroll of enchant armour for 90 gold pieces
 27566 | D:14     | Bought a scroll of magic mapping for 42 gold pieces
 27566 | D:14     | Bought a scroll of identify for 24 gold pieces
 27566 | D:14     | Bought 3 scrolls of enchant weapon for 270 gold pieces
 27754 | D:14     | Found a gate to the Vaults.
 27765 | D:14     | Noticed Sonja
 27781 | D:14     | Received a gift from Okawaru
 28172 | D:14     | Killed Sonja
 28348 | D:15     | Entered Level 15 of the Dungeon
 28545 | D:15     | Reached skill level 15 in Armour
 28572 | D:15     | Found a staircase to the Depths.
 28931 | D:15     | Reached XP level 16. HP: 91/107 MP: 19/23
 29750 | Lair:1   | Identified the +2 robe "Benyol" {Str+4} (You found it in a labyrinth)
 29869 | Shoals:1 | Entered Level 1 of the Shoals
 29917 | Shoals:1 | Reached skill level 10 in Dodging
 29929 | Shoals:1 | Reached skill level 15 in Fighting
 30165 | Shoals:2 | Received a gift from Okawaru
 30549 | Shoals:2 | Reached skill level 16 in Fighting
 31121 | Shoals:3 | Reached skill level 15 in Staves
 31311 | Shoals:3 | Received a gift from Okawaru
 31333 | Shoals:3 | Got a crude cloak {god gift}
 31339 | Shoals:3 | Identified the +2 cloak "Neschas" {+Inv rC- Regen+ Int-2} (Okawaru gifted it to you on level 3 of the Shoals)
 31636 | Shoals:4 | Entered Level 4 of the Shoals
 31636 | Shoals:4 | Noticed a kraken
 31734 | Shoals:4 | Reached XP level 17. HP: 110/115 MP: 13/24
 31780 | Shoals:4 | Got a barnacled rune of Zot
 32246 | Shoals:4 | Reached skill level 17 in Staves
 32256 | Shoals:4 | Got a warped hand axe
 32646 | Shoals:4 | Received a gift from Okawaru
 33151 | Slime:1  | Entered Level 1 of the Pits of Slime
 33561 | Elf:1    | Entered Level 1 of the Elven Halls
 33583 | Elf:1    | Found a radiant altar of Vehumet.
 33656 | Elf:1    | Found a radiant altar of Vehumet.
 33742 | Elf:1    | Noticed Asterion
 33771 | Elf:1    | Noticed an Ice Fiend
 33779 | Elf:1    | Killed Asterion
 33780 | Elf:1    | Noticed an Ice Fiend
 33790 | Elf:1    | Noticed an Ice Fiend
 33897 | Elf:1    | Got a shimmering chain mail
 33908 | Elf:1    | Identified the +3 chain mail of the Vestibule of Hell {rPois Dex+2} (You found it on level 1 of the Elven Halls)
 34040 | Elf:1    | Reached skill level 18 in Staves
 34066 | Elf:1    | Noticed an Ice Fiend
 35024 | Elf:2    | Found a huge runed gate.
 35024 | Elf:2    | Found a huge runed gate.
 35024 | Elf:2    | Found a huge runed gate.
 35024 | Elf:2    | Found a huge runed gate.
 35024 | Elf:2    | Found a huge runed gate.
 35065 | Elf:2    | Reached XP level 18. HP: 120/120 MP: 25/25
 35096 | Elf:2    | Reached skill level 19 in Staves
 35674 | Elf:3    | Entered Level 3 of the Elven Halls
 35964 | Elf:3    | Found Geoptiurch's Book Shoppe.
 36410 | Elf:3    | Reached skill level 20 in Staves
 36416 | Elf:3    | Received a gift from Okawaru
 36579 | Elf:3    | Gained mutation: Scrolls take you a little longer to read. [a cacodemon]
 36680 | Elf:3    | Got an ancient bone ring
 36728 | Elf:3    | Identified the ring "Gaesuw" {Fire Str+4 Int+4} (You found it on level 3 of the Elven Halls)
 36740 | Elf:3    | Got an ichor-stained helmet
 36751 | Elf:3    | Identified the +0 helmet of Qodoser {Regen+ Str+4 Dex+3} (You found it on level 3 of the Elven Halls)
 36870 | Elf:3    | Got a pitted quarterstaff
 36889 | Elf:3    | Got a fine amber ring
 36891 | Elf:3    | Identified the ring "Xeesmeaz" {rElec rF+ Int+4 Stlth-} (You found it on level 3 of the Elven Halls)
 36907 | Elf:3    | Identified the +5 quarterstaff of Oenomania {venom, +Fly Str+4} (You found it on level 3 of the Elven Halls)
 36971 | Elf:3    | Noticed a Brimstone Fiend
 37750 | Spider:1 | Entered Level 1 of the Spider Nest
 37750 | Spider:1 | Found a frozen archway.
 37783 | IceCv    | Entered an ice cave
 37840 | IceCv    | Received a gift from Okawaru
 37840 | IceCv    | Reached skill level 21 in Staves
 38387 | IceCv    | Reached XP level 19. HP: 73/125 MP: 15/26
 38669 | IceCv    | Got a smoking lajatang
 38693 | IceCv    | Identified the cursed +1 lajatang of Frustration {speed, rElec rPois Dex+2 Stlth+} (You found it in an ice cave)
 39040 | Spider:1 | Noticed Frances
 39060 | Spider:1 | Killed Frances
 39094 | Spider:1 | Noticed Kirke
 39102 | Spider:1 | Killed Kirke
 39520 | Spider:2 | Reached skill level 1 in Evocations
 40412 | Spider:4 | Entered Level 4 of the Spider Nest
 40552 | Spider:4 | Reached skill level 5 in Evocations
 40705 | Spider:4 | Received a gift from Okawaru
 40851 | Spider:4 | Noticed ReteAZ's ghost (adept SpEn)
 40867 | Spider:4 | Killed ReteAZ's ghost
 41223 | Spider:4 | Received a gift from Okawaru
 41287 | Spider:4 | Received a gift from Okawaru
 41307 | Spider:4 | Got a gossamer rune of Zot
 41983 | Depths:1 | Entered Level 1 of the Depths
 42361 | Depths:1 | Noticed Saint Roka
 42406 | Depths:1 | Reached XP level 20. HP: 132/132 MP: 25/27
 42487 | Depths:1 | Killed Saint Roka
 42487 | Depths:1 | Reached skill level 10 in Evocations
 42549 | Depths:1 | Got a flickering turquoise ring
 42551 | Depths:1 | Identified the ring "Boovvosab" {rN+ MR+ EV+5 Stlth+} (You found it on level 1 of the Depths)
 42796 | Depths:1 | Noticed a caustic shrike
 42797 | Depths:1 | Noticed a juggernaut
 42820 | Depths:1 | Killed a caustic shrike
 43305 | Depths:1 | Killed a juggernaut
 43305 | Depths:1 | Received a gift from Okawaru
 43437 | Depths:1 | Noticed Nikola
 43887 | Depths:1 | Found a gateway to Hell.
 43925 | Depths:1 | Noticed Wiglaf
 43963 | Depths:1 | Killed Wiglaf
 44244 | Depths:1 | Found a one-way gate to the infinite horrors of the Abyss.
 44335 | Depths:1 | Killed Nikola
 44430 | Depths:1 | Received a gift from Okawaru
 45053 | Depths:2 | Reached XP level 21. HP: 140/140 MP: 29/29
 45085 | Depths:2 | Found a one-way gate leading to the halls of Pandemonium.
 45164 | Depths:2 | Received a gift from Okawaru
 45276 | Depths:2 | Reached XP level 22. HP: 145/147 MP: 30/30
 46101 | Depths:2 | Identified the Disquisition on Clay
 46104 | Depths:2 | Identified Zing's Handbook of Destructive Flight
 46109 | Depths:2 | Learned a level 2 spell: Repel Missiles
 46311 | Depths:3 | Found a gateway to a ziggurat.
 46397 | Depths:3 | Noticed Boris
 46417 | Depths:3 | Killed Boris
 46669 | Depths:3 | Found a magical portal.
 46678 | WizLab   | Entered Cigotuvi's Fleshworks
 46991 | WizLab   | Paralysed by a giant eyeball for 3 turns
 47113 | WizLab   | Identified the Volume of Earthen Changing
 47115 | WizLab   | Identified Cigotuvi's Collected Works on Shifting Black Magic
 47137 | WizLab   | Paralysed by a giant eyeball for 2 turns
 47153 | WizLab   | Paralysed by a giant eyeball for 4 turns
 47523 | WizLab   | Gained mutation: You can breathe flames. [potion of beneficial mutation]
 47565 | WizLab   | Received a gift from Okawaru
 48620 | Depths:3 | Reached XP level 23. HP: 156/156 MP: 31/31
 50177 | Slime:5  | Gained mutation: You expend magic power (3 MP) to strengthen your wands. [a shining eye]
 50191 | Slime:5  | Gained mutation: Scrolls take you longer to read. [a shining eye]
 50193 | Slime:5  | Gained mutation: Armour fits poorly on your strangely shaped body. [a shining eye]
 50239 | Slime:5  | Received a gift from Okawaru
 50279 | Slime:6  | Entered Level 6 of the Pits of Slime
 50328 | Slime:5  | Reached skill level 22 in Staves
 50341 | Slime:5  | Mangled by an acid blob

Vault maps used:
D:1:      denvon_arrival_planthouse
D:2:      xom_redecorated, uniq_terence
D:3:      overflow_temple_1_default, nicolae_overflow_hidden_temple,
          yredelemnul_forgotten_temple_becter, marbit_many_paths, st_stairs_4,
          amalloy_card_club
D:4:      lemuel_coloured_pillars_altar, minmay_misc_feat_hallway,
          minmay_crystal_water
D:5:      grunt_temple_overflow_forces_of_nature, nemelex_deck, kennysheep_mini,
          temple_statues, first_bread, basic_altar
D:6:      lemuel_doored_altar, minmay_misc_feat_doors,
          minmay_misc_feat_more_columns, hangedman_decor_push, uniq_duvessa
D:7:      uniq_joseph
D:8:      lemuel_round_altar, zaba_anthell
D:9:      lemuel_round_altar, david_lair_generic, serial_shops, shop, shop,
          grunt_ogre_cave
D:10:     serial_glass, glass_columns_a, glass_columns_b
D:11:     uniq_snorg
D:12:     erik_orc_1, minivault_16, minmay_liquid_box
D:13:     serial_shops, shop_scrolls, enter_trove_2
D:14:     david_vaults_2, lab_entry_generic, kennysheep_cluttered_room,
          serial_shops, kennysheep_little_box, uniq_sonja
D:15:     grunt_enter_depths_hoard
Temple:   circular_temple_6
Lair:1:   enter_volcano_4, grunt_forest_small_clearings, serial_bayou_shore_a,
          serial_bayou_shore_b, grunt_megastairs_2
Lair:2:   minmay_holes, pond, infiniplex_staircase_pool
Lair:4:   grunt_megastairs_4, uniq_urug
Lair:5:   minmay_shoals_entry_beasts
Lair:6:   spider_nest_entry_a, beast_lair_carwin_2, grunt_megastairs_3,
          lemuel_fruit_tree
Lair:7:   slime_altar_1, serial_bayou_pond_d
Lair:8:   grunt_lair_end_beastmaster
Shoals:1: centaur_isle
Shoals:2: nicolae_shoals_arrival_archipelago
Shoals:4: shoals_end_grunt_garden, shoal_ilsuiw
Spider:1: portal_ice_cave_entry_ice_beasts, hangedman_spider_tarantella_strand,
          uniq_frances, uniq_kirke
Spider:2: nicolae_spider_mines_2, special_room, uniq_arachne
Spider:4: spider_rune_water, hangedman_spider_mandibles
Slime:1:  cheibrodos_slime_lost_civilization_6
Slime:2:  hangedman_slime_spill, uniq_dissolution
Slime:4:  dissolution_awaits
Orc:1:    basic_altar
Orc:2:    uniq_josephine
Orc:3:    nicolae_orc_pool_cavern
Orc:4:    grunt_orc_community_town_hall, grunt_orc_community_big_house_2,
          grunt_orc_community_big_house_2, grunt_orc_community_house_1,
          grunt_orc_community_house_2, grunt_orc_community_house_3,
          grunt_orc_community_house_1, grunt_orc_community_house_1,
          grunt_orc_community_house_3, uniq_maud
Elf:1:    eino_elf_arrival_altar, basic_altar, hangedman_elf_represent,
          uniq_asterion
Elf:3:    minmay_elf_hall, serial_shops, shop
Depths:1: minmay_outward_triangles, grunt_hell_entry_demonic_statue,
          abyss_entry, patterned_corridor, minivault_12, uniq_wiglaf,
          uniq_saint_roka, uniq_nikola
Depths:2: mu_elemental_laboratory, hangedman_coc_ice_floe,
          rand_demon_pan_entry_8, abyss_entry
Depths:3: minmay_connected_triangles_in_corner, enter_ziggurat_c,
          mu_enter_wizlab_5, pan_entry, pf_hell_entry_great_geh,
          infiniplex_staircase_star, uniq_boris
Lab:      labyrinth_watery, nicolae_lab_very_dead_end, nicolae_lab_hexagon,
          nicolae_lab_lava
IceCv:    ice_cave_tombish
Volcano:  volcano_tomb
WizLab:   wizlab_cigotuvi

Action                   |  1- 3 |  4- 6 |  7- 9 | 10-12 | 13-15 | 16-18 | 19-21 | 22-24 || total
-------------------------+-------+-------+-------+-------+-------+-------+-------+-------++-------
Melee: Quarterstaff      |    92 |   220 |   565 |  1616 |  2068 |       |       |       ||  4561
       Lajatang          |       |       |       |       |   983 |  1932 |  1617 |  1207 ||  5739
Throw: Throwing net      |       |     4 |     6 |     2 |       |       |       |       ||    12
       Tomahawk          |       |       |     3 |    28 |       |       |       |       ||    31
       Javelin           |       |       |       |       |    23 |    21 |    14 |     7 ||    65
Invok: Heroism           |       |       |       |     6 |     7 |    10 |    10 |     7 ||    40
       Finesse           |       |       |       |     1 |     4 |     5 |     7 |     1 ||    18
 Abil: Fly               |       |       |       |       |       |     1 |       |     1 ||     2
       Stop Flying       |       |       |       |       |       |       |     1 |       ||     1
Evoke: Wand              |       |       |       |     1 |     1 |     1 |    16 |    19 ||    38
  Use: Scroll            |       |     7 |       |    21 |    27 |    12 |     8 |     3 ||    78
       Potion            |       |       |     1 |     1 |       |       |     1 |     2 ||     5
 Stab: Held in net/web   |       |       |     4 |       |       |       |       |       ||     4
       Invisible         |       |       |     4 |       |       |       |       |       ||     4
       Confused          |       |       |       |     2 |       |       |       |       ||     2
       Petrified         |       |       |       |       |     4 |       |       |       ||     4
  Eat: Chunk             |       |     8 |    14 |    25 |    50 |    31 |    15 |     5 ||   148
       Fruit             |       |       |     1 |     1 |     2 |       |       |       ||     4
       Meat ration       |       |       |     1 |       |       |       |       |     1 ||     2
       Pizza             |       |       |       |     1 |       |       |       |       ||     1
       Bread ration      |       |       |       |       |     2 |     2 |     3 |     2 ||     9
